 Dungeon Crawl Stone Soup version 0.31.0-11-ge490571c62 (webtiles) character file.

Game seed: 9612230923268816145

6 puppykicker the Ducker (level 1, -3/12 HPs)
             Began as a Deep Elf Gladiator on Jan 27, 2024.
             Slain by a gnoll
             ... wielding a +1 heavy spear
              (10 damage)
             ... on level 1 of the Dungeon.
             The game lasted 00:00:31 (318 turns).

puppykicker the Ducker (Deep Elf Gladiator)          Turns: 318, Time: 00:00:31

Health: -3/12      AC:  4    Str: 11    XL:     1   Next: 75%
Magic:  3/3        EV: 13    Int: 12    God:
Gold:   65         SH:  0    Dex: 16    Spells: 0/0 levels left

rFire   . . .        b - +1 whip (elec)
rCold   . . .        (no shield)
rNeg    + . .        j - +0 leather armour
rPois   .            c - +0 helmet
rElec   .            (no cloak)
rCorr   .            (no gloves)
SInv    .            (no boots)
Will    .....        (no amulet)
Stlth   +            N - ring of positive energy {rN+}
HPRegen 0.22/turn    (no ring)
MPRegen 0.08/turn

%: no passive effects
@: no status effects
A: no striking features
a: no special abilities


You were on level 1 of the Dungeon.
You visited 1 branch of the dungeon, and saw 1 of its levels.

You collected 65 gold pieces.

Inventory:

Hand Weapons
 a - a +0 rapier
 b - a +1 whip of electrocution (weapon)
Missiles
 d - 3 throwing nets
 e - a javelin (quivered)
Armour
 c - a +0 helmet (worn)
 j - a +0 leather armour (worn)
Jewellery
 N - a ring of positive energy (left hand) {rN+}
Scrolls
 g - a scroll of teleportation {unknown}
Potions
 f - a potion of degeneration {unknown}
 h - a potion of berserk rage {unknown}
 i - a potion of attraction {unknown}


   Skills:
 - Level 1.5 Fighting
 + Level 3.4 Short Blades
 - Level 2.0 Throwing
 - Level 3.6 Dodging


You couldn't memorise any spells.
You didn't know any spells.
Your spell library was empty.

Dungeon Overview and Level Annotations

Branches:
Dungeon (1/15)

Altars:


Message History

Things that are here:
a +1 whip of electrocution; 4 stones
j - a +1 whip of electrocution Adjust (i)tems, (s)pells, or (a)bilities?
j - a +1 whip of electrocution Adjust to which letter? (? for menu, Esc to quit)
b - a +1 whip of electrocution;
j - a +0 leather armour (worn)
You hear the crackle of electricity.
b - a +1 whip of electrocution (weapon)
You see here a +0 dagger.
You see here a +0 dagger.
Found a stone staircase leading down.
A rat comes into view.
A rat is nearby!
You closely miss the rat. The rat bites you.
You take 3 damage, and have 9/12 hp.
MASSIVE DAMAGE!!
You hit the rat.
You kill the rat!
No target in view!
No target in view!
Unknown command.
There is a stone staircase leading down here.
A gnoll comes into view. It is wielding a +1 heavy spear.
The gnoll shouts!
Health restored: 12 The gnoll hits you with a +1 heavy spear.
Ouch! That really hurt!
* * * LOW HITPOINT WARNING * * *
You take 6 damage, and have 6/12 hp.
MASSIVE DAMAGE!!
You hit the gnoll but do no damage. The gnoll closely misses you.
You hit the gnoll.
The gnoll is heavily wounded.
Unknown command.
You hit the gnoll.
The gnoll is heavily wounded.
The gnoll hits you with a +1 heavy spear!
Ouch! That really hurt!
You die...

#.#.##. #......
###.### ######.#
####### #......#
......###.###### #
#........#
#.#[#####..##.##>#
#...g@........##.#
###.#####..#####.#
#........#####.#
########.......#
#########


You could see a gnoll.

Levels and vault maps discovered:
D:1:      dpeg_arrival_tiny_i, layout_loops_cross, kennysheep_flooded_box,
          item_on_display_a

Notes
Turn   | Place    | Note
-------+----------+-------------------------------------------
     0 | D:1      | puppykicker the Deep Elf Gladiator began the quest for the
                  | Orb.
     0 | D:1      | Reached XP level 1. HP: 12/12 MP: 3/3
   145 | D:1      | Identified a ring of positive energy
   230 | D:1      | Identified a +0 dagger
   239 | D:1      | Identified a +1 whip of electrocution
   312 | D:1      | Identified a +1 heavy spear
   318 | D:1      | Slain by a gnoll

Table legend: (Time is in decaauts)
 A = Elapsed time spent in this place.
 B = Non-inter-level travel time spent in this place.
 C = Inter-level travel time spent in this place.
 D = Time resting spent in this place.
 E = Time spent auto-exploring this place.
 F = Levels seen in this place.
 G = Mean time per level.
                   A        B        C        D        E       F      G
               +--------+--------+--------+--------+--------+-----+--------+
         Total |    317 |    317 |      0 |      0 |    275 |   1 |  317.0 |
       Dungeon |    317 |    317 |      0 |      0 |    275 |   1 |  317.0 |
               +--------+--------+--------+--------+--------+-----+--------+

Top non-repeatable levels by time:
     D:1: 317 daAuts

Table legend:
 A = Kills in this place as a percentage of kills in the entire game.
 B = Kills by you in this place as a percentage of kills by you in the entire game.
 C = Kills by friends in this place as a percentage of kills by friends in the entire game.
 D = Other kills in this place as a percentage of other kills in the entire game.
 E = Experience gained in this place as a percentage of experience gained in the entire game.
 F = Experience gained in this place divided by the number of levels of this place that you have seen.
                   A       B       C       D       E      F
               +-------+-------+-------+-------+-------+----------------------
         Total | 100.0 | 100.0 |   N/A |   N/A | 100.0 |   9.0
       Dungeon | 100.0 | 100.0 |   N/A |   N/A | 100.0 |   9.0
               +-------+-------+-------+-------+-------+----------------------

Action                     || total
---------------------------++-------
  Melee: Rapier            ||     6
         Whip              ||     5
 Armour: Leather armour    ||     4
  Dodge: Dodged            ||     2

Vanquished Creatures
  A goblin (D:1)
  A hobgoblin (D:1)
  A kobold (D:1)
  A frilled lizard (D:1)
  2 rats (D:1)
6 creatures vanquished.
